AoeStats
← Rodrigo Lao Tse

Arabia

508711784Analyzed
1v1 RM · 9d ago on Sep 23, 2026· 48m 1s· 2 players
Game mode
Random Map
Map size
Tiny (2 player)
Population
200
Speed
Normal
Resources
Standard
Victory
Conquest
Starting age
Dark Age
Ending age
Imperial Age
RankedLock teamsTeams togetherTeam positionsShared explorationLock speedFull tech treeHidden civsTurbo modeCheats
Victory
Defeat
🇨🇱 Maya · Chile
892
+16
🇩🇪 Bengalis · Germany
892
-16
Rodrigo Lao Tse
0:26 Loom
9:51 Feudal Age
14:13 Fletching
23:12 Scale Mail Armor
23:24 Forging
25:42 Wheelbarrow
26:45 Town Watch
29:04 Castle Age
26:58 Town Watch
29:13 Eagle Warrior
29:57 Squires
30:03 Squires
29:49 Arson
30:24 Chain Mail Armor
30:44 Iron Casting
31:35 Pikeman
32:44 Double-Bit Axe
40:22 Imperial Age
38:16 Stone Mining
39:26 Hand Cart
38:54 Horse Collar
40:00 Gold Mining
40:55 Halberdier
42:48 Blast Furnace
42:19 Capped Ram
lekermit
6:01 Loom
9:17 Feudal Age
10:01 Double-Bit Axe
16:20 Fletching
22:50 Castle Age
23:41 Wheelbarrow
23:35 Bodkin Arrow
23:41 Padded Archer Armor
30:37 Leather Archer Armor
30:54 Hand Cart
33:23 Horse Collar
34:39 Husbandry
35:58 Bloodlines
36:32 Bow Saw
36:24 Town Watch
40:40 Ballistics
48:02 Imperial Age
48:09 Imperial Age
45:13 Light Cavalry
47:08 Forging
Connection lost

Rejoining the realm…

Still unreachable

The connection could not be restored.

Session expired

The server has moved on; the page needs a fresh start.